Map: Acid Plant LE

Players

Clem - Winner!

  • Race: Terran Terran
  • Spawn Location: 5:00

Jieshi

  • Race: Protoss Protoss
  • Spawn Location: 11:00

Event: WCS Austin 2018

VOD

Have the link to the VOD?

Description

Time

  • Played on: June 1, 2018, 9:14 p.m.
  • Length: 7:52

All games in this series

Show
View Real Time Build Order
Export as new Build Order

Clem Terran - Winner!

Build Orders: Reaper Expand, MMM Bio 

Get SALT Encoding   

  12  0:00  SCV  
  13  0:12  SCV  
  14  0:17  Supply Depot  
  14  0:24  SCV  
  15  0:38  SCV  
  15  0:39  Barracks  
  16  0:44  Refinery  
  16  0:50  SCV  
  17  1:02  SCV  
  18  1:14  SCV  
  19  1:28  Orbital Command, Reaper  
  20  1:49  Command Center  
  20  1:56  SCV  
  20  1:57  Barracks  
  20  2:01  Barracks Reactor  
  21  2:08  SCV  
  22  2:09  Supply Depot  
  22  2:20  SCV  
  22  2:22  Barracks  
  23  2:32  SCV  
  23  2:36  Marine  
  23  2:37  Marine  
  26  2:44  SCV, Barracks Tech Lab  
  26  2:48  Engineering Bay  
  26  2:55  Marine x2  
  26  2:56  SCV  
  29  3:04  Stimpack  
  29  3:05  Marine  
  30  3:08  SCV  
  30  3:11  Orbital Command  
  31  3:15  Marine  
  31  3:18  Terran Infantry Weapons Level 1  
  32  3:21  Marine  
  32  3:23  SCV  
  32  3:24  Marine  
  35  3:27  Marine  
  36  3:35  SCV  
  36  3:36  Missile Turret  
  36  3:37  SCV  
  36  3:38  Marine  
  39  3:42  Marine  
  39  3:43  Barracks Tech Lab  
  39  3:44  Marine  
  39  3:47  SCV  
  42  3:49  Supply Depot  
  42  3:50  SCV  
  43  3:55  Marine  
  43  3:59  SCV  
  43  4:00  Marine  
  46  4:03  Combat Shields  
  46  4:11  SCV  
  46  4:12  Marauder x2  
  46  4:13  Marine, Supply Depot  
  46  4:15  SCV  
  53  4:17  Marine  
  53  4:23  Refinery  
  54  4:24  Refinery  
  54  4:31  Supply Depot  
  54  4:34  Marine x3  
  54  4:35  Marine, SCV x2  
  59  4:47  SCV x2  
  59  4:51  Factory  
  59  4:52  Marine  
  62  4:53  Marine x3  
  62  4:59  Supply Depot, SCV x2  
  67  5:09  Supply Depot  
  67  5:11  Marine x2, SCV  
  67  5:13  Concussive Shells  
  70  5:21  Marauder x2, SCV  
  75  5:23  SCV  
  76  5:28  Marine  
  76  5:29  Marine  
  76  5:33  SCV, Terran Infantry Armor Level 1  
  76  5:35  Supply Depot, SCV  
  80  5:36  Starport  
  80  5:37  Refinery, Factory Reactor  
  82  5:42  Marauder  
  82  5:45  Marauder, SCV  
  82  5:47  SCV  
  81  5:56  Marine  
  81  5:57  Marine, SCV  
  77  5:59  SCV  
  77  6:04  Marauder  
  80  6:05  Command Center  
  80  6:06  Marine  
  80  6:09  SCV  
  79  6:13  SCV  
  79  6:14  Marine  
  79  6:17  Marine  
  74  6:24  Marauder, Medivac x2  
  74  6:25  Marauder, Factory Reactor  
  78  6:29  Supply Depot  
  78  6:32  Marine  
  79  6:35  Marine, Supply Depot  
  80  6:41  Barracks  
  80  6:43  Barracks  
  80  6:46  Marauder  
  82  6:47  SCV x2  
  82  6:50  Marine  
  82  6:51  Supply Depot  
  82  6:53  Marine  
  86  6:59  Marauder  
  88  7:01  Medivac  
  88  7:02  Medivac  
  88  7:07  Marauder, Widow Mine x2  
  88  7:08  Marine  
  99  7:09  SCV x2  
  99  7:11  Marine  
  102  7:15  Supply Depot  
  102  7:20  Orbital Command  
  102  7:21  SCV x2  
  104  7:25  Marine  
  104  7:27  Marauder  
  104  7:29  Marine, Barracks Tech Lab  
  108  7:30  Barracks Reactor  
  108  7:33  SCV x2  
  108  7:35  Supply Depot  
Show
View Real Time Build Order
Export as new Build Order

Jieshi Protoss 

Build Orders: 1 Gate Expand, Double Forge, Blink Stalkers 

Get SALT Encoding   

  12  0:00  Probe  
  13  0:12  Probe  
  14  0:18  Pylon  
  14  0:24  Probe  
  15  0:32  Probe  
  15  0:37  Gateway  
  15  0:40  Probe  
  16  0:46  Assimilator  
  17  0:51  Probe  
  18  1:03  Probe  
  19  1:15  Probe  
  20  1:23  Nexus  
  20  1:32  Cybernetics Core  
  20  1:36  Probe  
  21  1:42  Assimilator  
  21  1:48  Probe  
  21  1:52  Pylon  
  22  2:00  Probe  
  23  2:02  Adept  
  23  2:10  Warp Gate  
  23  2:12  Probe  
  26  2:21  Stalker  
  25  2:23  Twilight Council  
  25  2:24  Probe  
  28  2:31  Probe  
  28  2:36  Probe  
  30  2:39  Blink, Probe  
  31  2:48  Probe  
  31  2:50  Probe  
  33  3:00  Probe  
  33  3:03  Probe  
  35  3:10  Gateway  
  35  3:14  Gateway  
  35  3:15  Probe  
  35  3:17  Probe  
  37  3:23  Stalker  
  39  3:28  Probe  
  39  3:29  Probe  
  39  3:33  Pylon  
  41  3:39  Probe  
  42  3:41  Probe  
  42  3:44  Robotics Facility  
  42  3:47  Probe  
  43  3:54  Probe  
  45  3:55  Probe  
  46  4:06  Probe x2  
  48  4:12  Pylon  
  48  4:13  Stalker x3  
  54  4:24  Nexus  
  54  4:27  Assimilator  
  54  4:28  Pylon  
  54  4:31  Observer  
  55  4:38  Forge  
  55  4:39  Forge  
  55  4:41  Sentry  
  55  4:42  Charge  
  57  4:53  Stalker  
  57  4:55  Zealot, Shield Battery  
  61  5:01  Gateway  
  61  5:03  Observer  
  61  5:05  Gateway  
  62  5:08  Gateway  
  62  5:11  Protoss Ground Weapons Level 1  
  62  5:12  Probe x2  
  64  5:16  Protoss Ground Armor Level 1  
  64  5:23  Zealot x2  
  68  5:31  Pylon  
  68  5:35  Pylon  
  68  5:41  Zealot  
  70  5:48  Zealot x2  
  50  5:57  Probe  
  50  6:04  Stalker  
  45  6:05  Stalker x2  
  45  6:06  Zealot  
  45  6:08  Probe x2  
  45  6:09  Zealot  
  41  6:17  Probe  
  36  6:21  Probe  
  36  6:23  Probe  
  36  6:25  Probe  
  36  6:29  Probe  
  38  6:33  Probe  
  38  6:35  Sentry, Probe  
  38  6:37  Probe  
  43  6:42  Observer  
  43  6:43  Probe  
  45  6:49  Probe  
  45  6:51  Probe x2  
  48  6:58  Zealot, Sentry  
  53  7:01  Probe  
  53  7:02  Probe  
  53  7:06  Immortal  
  53  7:07  Probe  
  60  7:11  Sentry  
  60  7:13  Probe  
  60  7:14  Probe  
  64  7:18  Stalker x2  
  64  7:22  Zealot  
  69  7:26  Shield Battery  
  69  7:27  Probe  
  69  7:28  Sentry  
  72  7:33  Zealot  
  72  7:36  Zealot  
  64  7:41  Zealot  
  64  7:42  Zealot x2  
Tags
 
Add a new tag
Caveats
  • Supply blocks, unpowered buildings, or Contaminate may cause inaccurate times.
  • Supply counts are checked every 10 seconds.